cohdb
Replays
Latest Replays
All Replays
Popular Replays
Top Player Replays
Match Explorer
How It Works
Community
CoH3 Stats
Reddit
Sign in to upload your games and track your stats! →
Sign in with Steam
Match 25188866
Unlisted
Match 25188866
Overview
Messages
Build Orders
End
Construct Barracks
Riflemen Squad
Riflemen Squad
Engineer Squad
Grenade Package
Riflemen Squad
Infantry Support Center
Construct Motor Pool
M1 Anti-tank Gun Team
M1918 Browning Automatic Rifles
Selects Advanced Infantry Battlegroup
Selects Convert to Ranger Squad
Selects Frontline Medical Station
Munitions Surplus
Frontline Medical Station
M1 Anti-tank Gun Team
Demolitions Package
Selects Ammunition Storage
Construct Weapon Support Center
Engineer Squad
Selects M2A1 105mm Howitzer Emplacement
Selects 155mm Rapid Artillery Barrage
Construct Medical Station
155mm Rapid Artillery Barrage
Construct Tank Depot
Selects Infantry Assault
Infantry Assault
M1 Anti-tank Gun Team
M1 Anti-tank Gun Team
Infantry Assault
M1919 Machine Gun Team
Eber
Piros
LuiSBa
Bartolomeus
Sir Toady
Egrace
0
0
Comments
sign in to comment!
No comments posted yet!